 Dungeon Crawl Stone Soup version 0.28-b1-25-g9875b3fc8c (webtiles) character file.

Game seed: 8025330188449731179

8552 iwittbrodt the Fighter (level 11, -2/105 HPs)
             Began as a Minotaur Fighter on Feb 2, 2022.
             Was a Priest of the Shining One.
             Slain by an ice beast (11 damage)
             ... summoned by Fannar
             ... on level 10 of the Dungeon.
             The game lasted 00:32:24 (11568 turns).

iwittbrodt the Fighter (Minotaur Fighter)          Turns: 11568, Time: 00:32:26

Health: -2/105     AC: 20    Str: 23    XL:     11   Next: 11%
Magic:  13/13      EV:  7    Int: 13    God:    the Shining One [***...]
Gold:   544        SH:  5    Dex: 16    Spells: 10/10 levels left

rFire   + . .      SeeInvis .   w - +4 dagger (elec)
rCold   . . .      Faith    .   c - +0 buckler
rNeg    + . .      Spirit   .   m - +1 plate armour
rPois   .          Reflect  .   (helmet restricted)
rElec   .          Harm     .   (no cloak)
rCorr   +          Rampage  .   D - +0 pair of gloves
Will    .....                   s - +2 pair of boots
Stlth   ..........              x - amulet of the acrobat
HPRegen 0.27/turn               n - +6 ring of intelligence
MPRegen 0.13/turn               M - ring of Thoughtfulness {rF+ rCorr Dex+6}

@: glowing
A: horns 2, retaliatory headbutt
a: Renounce Religion, Divine Shield, Cleansing Flame


You were on level 10 of the Dungeon.
You worshipped the Shining One.
The Shining One was most pleased with you.
You visited 2 branches of the dungeon, and saw 11 of its levels.
You also visited: Ossuary and Bailey.

You collected 544 gold pieces.

Inventory:

Hand Weapons
 w - a +4 dagger of electrocution (weapon)
 G - a +5 long sword
Missiles
 g - 349 stones
 l - 7 boomerangs (quivered)
 H - 5 throwing nets
 K - 4 javelins
 N - 4 boomerangs of dispersal
Armour
 c - a +0 buckler (worn)
 m - a +1 plate armour (worn)
 s - a +2 pair of boots (worn)
 D - a +0 pair of gloves (worn)
Jewellery
 f - a ring of magical power
 n - a +6 ring of intelligence (left hand)
 o - a ring of flight
 x - an amulet of the acrobat (around neck)
 M - the ring of Thoughtfulness (right hand) {rF+ rCorr Dex+6}
   (You found it on level 8 of the Dungeon)

   [ring of resist corrosion]

   Dex:       It affects your dexterity (+6).
   rF:        It protects you from fire.
   rCorr:     It protects you from acid and corrosion.
Wands
 C - a wand of acid (3)
 E - a wand of flame (12)
 I - a wand of mindburst (13)
 J - a wand of iceblast (9)
Scrolls
 b - 2 scrolls of blinking {unknown}
 j - 2 scrolls of immolation
 u - 4 scrolls of enchant weapon
 v - 3 scrolls of amnesia
 y - a scroll of enchant armour
 z - a scroll of teleportation
 A - a scroll of silence {unknown}
 L - a scroll of acquirement {unknown}
Potions
 a - 2 potions of flight {unknown}
 d - a potion of might
 e - 2 potions of magic
 h - a potion of degeneration {unknown}
 i - 2 potions of brilliance {unknown}
 k - 9 potions of curing
 p - 4 potions of mutation
 q - a potion of haste {unknown}
 r - 5 potions of lignification {unknown}
 t - a potion of cancellation {unknown}
 B - a potion of attraction {unknown}
 F - 3 potions of heal wounds {unknown}


   Skills:
 * Level 12.5 Fighting
 * Level 12.5 Long Blades
 + Level 9.6 Armour
 - Level 0.2 Dodging
 - Level 4.1 Shields
 + Level 4.3 Invocations
 + Level 3.0 Evocations


You had 10 spell levels left.
You didn't know any spells.
Your spell library contained the following spells:

 Spells                   Type           Power      Damage    Failure   Level
 Sandblast                Erth           0%         2d4       99%         1
 Summon Small Mammal      Summ           0%         N/A       99%         1
 Corpse Rot               Necr/Air       0%         N/A       100%        2
 Passwall                 Tmut/Erth      0%         N/A       100%        2
 Poisonous Vapours        Pois/Air       0%         N/A       100%        2
 Call Canine Familiar     Summ           0%         N/A       100%        3
 Frozen Ramparts          Ice            0%         1d2       100%        3
 Gell's Gravitas          Tloc           0%         N/A       100%        3
 Lesser Beckoning         Tloc           0%         N/A       100%        3
 Portal Projectile        Hex/Tloc       0%         N/A       100%        3
 Stone Arrow              Conj/Erth      0%         3d7       100%        3
 Summon Guardian Golem    Hex/Summ       0%         N/A       100%        3
 Teleport Other           Tloc           0%         N/A       100%        3
 Animate Dead             Necr           0%         N/A       100%        4
 Ice Form                 Ice/Tmut       0%         N/A       100%        4
 Leda's Liquefaction      Hex/Erth       0%         N/A       100%        4
 Summon Ice Beast         Ice/Summ       0%         N/A       100%        4
 Death Channel            Necr           0%         N/A       100%        6
 Necromutation            Tmut/Necr      0%         N/A       100%        8


Dungeon Overview and Level Annotations

Branches:
Dungeon (10/15)            Temple (1/1) D:5         Ossuary (visited)
 Bailey (visited)
   Lair: D:8-11         Orc: D:9-12

Altars:
Ashenzari
Cheibriados
Dithmenos
Elyvilon
Fedhas
Gozag
Hepliaklqana
Kikubaaqudgha
Makhleb
Nemelex Xobeh
Okawaru
Qazlal
Ru
Sif Muna
Trog
Uskayaw
Vehumet
Wu Jian
Xom
Yredelemnul
Zin
The Shining One

Shops:
D:1 ?   D:5 =

Annotations:
D:2 Sigmund
D:10 Fannar


Innate Abilities, Weirdness & Mutations

You have a pair of horns on your head.
You reflexively headbutt those who attack you in melee.


Message History

The puff of flame hits Fannar.
Fannar is heavily wounded.
Fannar hits you but does no damage. Fannar freezes you.
Aiming: Mindburst
Press: ? - help, Shift-Dir - straight line, f/p - Fannar
Aim: Fannar, wielding a staff of cold and wearing a +2 robe of cold resistance (heavily wounded, haloed, chance to affect: 26%)
Okay, then.
Aiming: Corrosive Bolt
Press: ? - help, Shift-Dir - straight line, f/p - Fannar
Aim: Fannar, wielding a staff of cold and wearing a +2 robe of cold resistance (heavily wounded, haloed, 70% to hit)
The bolt of acid hits Fannar!!
The acid corrodes Fannar!
Fannar is severely wounded.
Fannar mumbles some strange words.
Fannar drains the heat from the surrounding environment!
* * * LOW HITPOINT WARNING * * *
Aiming: Corrosive Bolt
Press: ? - help, Shift-Dir - straight line, f/p - Fannar
Aim: Fannar, wielding a staff of cold and wearing a +2 robe of cold resistance (severely wounded, covered in acid, haloed, 70% to hit)
The bolt of acid hits Fannar!
Fannar seems to be corroded for longer.
Fannar is almost dead.
Fannar drinks a potion.
Fannar is healed!
Aiming: Corrosive Bolt
Press: ? - help, Shift-Dir - straight line, f/p - Fannar
Aim: Fannar, wielding a staff of cold and wearing a +2 robe of cold resistance (severely wounded, covered in acid, haloed, 70% to hit)
The bolt of acid misses Fannar.
Fannar mumbles some strange words.
Okay, then.
There's nothing to close nearby.
Aiming: Corrosive Bolt
Press: ? - help, Shift-Dir - straight line, f/p - Fannar
Aim: Fannar, wielding a staff of cold and wearing a +2 robe of cold resistance (severely wounded, covered in acid, haloed, 70% to hit)
The bolt of acid hits Fannar!!
Fannar seems to be corroded for longer.
Fannar is almost dead.
Fannar gestures wildly while chanting.
Fannar drains the heat from the surrounding environment!
* * * LOW HITPOINT WARNING * * *
The ice beast hits you.
* * * LOW HITPOINT WARNING * * *
The ice beast freezes you!
You die...

#.#......#### #
##.#.........# #
.#.#.........# #
##.#.#.........# #
...#.#.........####
#.##.#.####.......'
#.##......#.#######
#e##.####.#.# ##
#.@Y.####.#.# #.
#######...#.# #.
#.###.# #. #.###+##
#. #......# #.
#......# #.
#......# #.
#......# #.
#......# #.


You could see Fannar (corroded) and an ice beast (summoned).

Vanquished Creatures
  Harold (D:7)
  Erica (D:9)
  Pikel (D:4)
  Joseph (D:7)
  Grinder (D:5)
  A wyvern (D:10)
  A wraith (D:10)
  2 steam dragons
  2 vampire mosquitoes (D:10)
  Duvessa (D:7)
  2 water moccasins
  4 ice beasts
  A necrophage (D:6)
  12 orc warriors
  A sky beast (D:2)
  7 centaurs
  5 ogres
  4 lemures
  2 phantoms
  A kobold brigand (D:5)
  2 bullfrogs
  A gnoll sergeant (D:9)
  A water moccasin zombie (D:5)
  A troll zombie (Ossuary)
  Dowan (D:7)
  A water moccasin skeleton (D:5)
  3 killer bees (D:9)
  8 wights (D:7)
  8 centaur zombies
  2 hounds
  7 orc priests
  A gnoll shaman (D:7)
  A human zombie (Ossuary)
  A bullfrog skeleton (D:6)
  A centaur skeleton (D:5)
  4 iguanas
  2 orc wizards
  A killer bee zombie (D:7)
  An ogre zombie (Ossuary)
  A hound skeleton (D:4)
  7 mummies (Ossuary)
  4 adders
  8 gnolls
  A white imp (D:6)
  An adder skeleton (D:4)
  2 adder zombies (Ossuary)
  3 worms
  A dart slug (D:1)
  35 orcs
  4 ball pythons
  4 bats
  3 endoplasms
  A giant cockroach (D:1)
  A gnoll zombie (Ossuary)
  3 hobgoblins
  4 jackals (D:1)
  26 kobolds
  2 quokkas
  A frilled lizard (D:1)
  4 goblins
  6 goblin zombies (Ossuary)
  4 hobgoblin zombies (Ossuary)
  7 kobold zombies (Ossuary)
  4 quokka zombies (Ossuary)
  3 rats
238 creatures vanquished.

Vanquished Creatures (collateral kills)
  A sky beast (D:6)
1 creature vanquished.

Vanquished Creatures (others)
  12 fungi (D:4)
  17 plants (D:5)
29 creatures vanquished.

Grand Total: 268 creatures vanquished

Notes
Turn   | Place    | Note
-------+----------+-------------------------------------------
     0 | D:1      | iwittbrodt the Minotaur Fighter began the quest for the
                  | Orb.
     0 | D:1      | Reached XP level 1. HP: 19/19 MP: 0/0
   153 | D:1      | Found Woag's Magic Scroll Shoppe.
   314 | D:1      | Reached XP level 2. HP: 26/27 MP: 1/1
   597 | D:1      | Found a faded altar of an unknown god.
   716 | D:2      | Noticed Sigmund
  1004 | D:3      | Reached XP level 3. HP: 32/33 MP: 2/2
  1052 | D:3      | Noticed a sky beast
  1178 | D:2      | Killed a sky beast
  1179 | D:2      | Reached XP level 4. HP: 28/41 MP: 3/3
  1987 | D:4      | Reached XP level 5. HP: 47/47 MP: 4/4
  2220 | D:4      | Noticed a steam dragon
  2236 | D:4      | Killed a steam dragon
  2237 | D:4      | Reached skill level 5 in Fighting
  2237 | D:4      | Reached skill level 5 in Long Blades
  2237 | D:4      | Reached skill level 5 in Armour
  2237 | D:4      | Reached XP level 6. HP: 11/56 MP: 5/5
  2851 | D:4      | Noticed Pikel
  3358 | D:4      | Killed Pikel
  3359 | D:4      | Reached XP level 7. HP: 65/66 MP: 6/6
  3465 | D:5      | Entered Level 5 of the Dungeon
  3465 | D:5      | Noticed Grinder
  3566 | D:5      | Found Dulukeo's Jewellery Emporium.
  3677 | D:5      | Found a staircase to the Ecumenical Temple.
  3744 | D:5      | Reached XP level 8. HP: 73/73 MP: 7/7
  3802 | D:5      | Paralysed by Grinder for 7 turns
  3816 | D:5      | Killed Grinder
  3923 | D:5      | Found a sand-covered staircase.
  3937 | Ossuary  | Entered an ossuary
  4849 | Temple   | Entered the Ecumenical Temple
  5052 | Temple   | Became a worshipper of the Shining One
  5402 | D:5      | Reached XP level 9. HP: 79/83 MP: 8/8
  6095 | D:6      | Reached skill level 10 in Fighting
  6668 | D:6      | Reached * piety under the Shining One
  6671 | D:6      | Reached skill level 10 in Long Blades
  7040 | D:7      | Reached skill level 1 in Invocations
  7056 | D:7      | Noticed Harold
  7423 | D:7      | Noticed Duvessa
  7430 | D:7      | Killed Duvessa
  7432 | D:7      | Noticed Dowan
  7438 | D:7      | Killed Dowan
  7573 | D:7      | Reached ** piety under the Shining One
  7708 | D:7      | Noticed Joseph
  7722 | D:7      | Killed Joseph
  7723 | D:7      | Reached XP level 10. HP: 78/95 MP: 10/10
  8274 | D:7      | Killed Harold
  8275 | D:7      | Reached skill level 1 in Evocations
  9017 | D:8      | Identified the ring of Thoughtfulness {rF+ rCorr Dex+6}
  9030 | D:8      | Got the Catalogue of Evil
  9079 | D:8      | Found a radiant altar of Vehumet.
  9447 | D:9      | Found a flagged portal.
  9463 | Bailey   | Entered a bailey
  9923 | Bailey   | Noticed an orc knight
  9923 | Bailey   | Noticed an orc knight
 10686 | D:9      | Noticed Erica
 10698 | D:9      | Killed Erica
 11116 | D:10     | Entered Level 10 of the Dungeon
 11123 | D:10     | Reached XP level 11. HP: 105/105 MP: 13/13
 11378 | D:10     | Reached *** piety under the Shining One
 11552 | D:10     | Noticed Fannar
 11568 | D:10     | Slain by an ice beast

Illustrated notes

Levels and vault maps discovered:
D:1:      sevenhm_arrival_forest_fort_small_4, layout_rooms, serial_shops, shop,
          ebering_ecumenical_altar_hall
D:2:      layout_basic, basic_altar, uniq_terence, uniq_sigmund
D:3:      layout_loops_cross
D:4:      layout_basic, serial_aquarium, aquarium_bridge_straight
          [aquarium_subvault_bridge, aquarium_subvault_wall,
          aquarium_subvault_bridge, aquarium_subvault_balcony],
          aquarium_bridge_square [aquarium_subvault_bridge,
          aquarium_subvault_wall, aquarium_subvault_window,
          aquarium_subvault_bridge], aquarium_window_1, aquarium_window_1,
          aquarium_window_fake, aquarium_view_2b, aquarium_view_2f,
          aquarium_balcony_double_3, kennysheep_generic_room_14, uniq_pikel
D:5:      kennysheep_kobold_camp, layout_loops_ring,
          minmay_temple_entry_crystal_x, lightli_ossuary_entry_decrepit_ruins,
          serial_shops, shop, minmay_misc_feat_roman, palyth_stone_intersect,
          grunt_ministairs_1, kennysheep_generic_room_3, uniq_grinder
D:6:      layout_cave_pods
D:7:      layout_basic, grunt_decor_cap, uniq_harold, uniq_duvessa, uniq_joseph
D:8:      layout_rooms, nicolae_overflow_hidden_temple
D:9:      layout_irregular_city, enter_bailey_4, uniq_erica
D:10:     layout_basic, kennysheep_orc_monster_closet_entryway, uniq_fannar
Temple:   minmay_crystal_snake_temple

Skill      XL: |  1  2  3  4  5  6  7  8  9 10 11 |
---------------+----------------------------------+-----
Armour         | 4 5 6 7 8 9 |  9.6
Fighting       | 4 5 7 9 11 12 | 12.5
Long Blades    | 3 4 5 6 7 9 11 12 | 12.5
Shields        | 4 |  4.1
Invocations    | 2 4 |  4.3
Evocations     | 2 3 |  3.0
Dodging        | |  0.2

Action                   |  1- 3 |  4- 6 |  7- 9 | 10-12 || total
-------------------------+-------+-------+-------+-------++-------
Melee: Long sword        |    62 |    89 |       |       ||   151
       Headbutt          |     8 |    15 |   104 |    68 ||   195
       Dagger            |       |    19 |   372 |   266 ||   657
Throw: Stone             |     5 |     6 |     8 |     1 ||    20
       Boomerang         |       |       |       |     5 ||     5
Invok: Divine Shield     |       |       |       |     4 ||     4
Evoke: Wand              |       |       |     2 |     7 ||     9
  Use: Scroll            |       |       |    16 |     2 ||    18
Armor: Scale mail        |    10 |       |       |       ||    10
       Plate armour      |    29 |    64 |   162 |   126 ||   381
Dodge: Dodged            |    18 |    27 |   111 |   139 ||   295
Block: Buckler           |    12 |    27 |    57 |    88 ||   184
